 Dungeon Crawl Stone Soup version 0.29.1-2-gbd0b4ee654 (webtiles) character file.

Game seed: 2367383385032812103

7 jamestheduck25 the Sneak (level 1, 0/9 HPs)
             Began as a Spriggan Enchanter on Nov 10, 2022.
             Slain by a quokka (4 damage)
             ... on level 1 of the Dungeon.
             The game lasted 00:01:10 (241 turns).

jamestheduck25 the Sneak (Spriggan Enchanter)        Turns: 241, Time: 00:01:10

Health: 0/9        AC:  2    Str:  4    XL:     1   Next: 91%
Magic:  5/5        EV: 17    Int: 16    God:
Gold:   50         SH:  0    Dex: 15    Spells: 5/5 levels left

rFire   . . .      SeeInvis +   a - +1 dagger
rCold   . . .      Faith    .   (no shield)
rNeg    . . .      Spirit   .   b - +0 robe
rPois   .          Reflect  .   (helmet restricted)
rElec   .          Harm     .   (no cloak)
rCorr   .          Rampage  .   (gloves unavailable)
Will    .....                   (boots unavailable)
Stlth   +++.......              (no amulet)
HPRegen 0.03/turn               (no ring)
MPRegen 0.09/turn               (no ring)

@: very quick
A: very small, no large weapons, unfitting armour, see invisible, speed 3
a: no special abilities


You were on level 1 of the Dungeon.
You visited 1 branch of the dungeon, and saw 1 of its levels.

You collected 50 gold pieces.

Inventory:

Hand Weapons
 a - a +1 dagger (weapon)
Armour
 b - a +0 robe (worn)
Scrolls
 d - a scroll of teleportation {unknown}
 e - a scroll of identify {unknown}
 f - a scroll of magic mapping {unknown}
 g - a scroll of brand weapon {unknown}
Potions
 c - 2 potions of invisibility


   Skills:
 + Level 1.2 Short Blades
 + Level 2.8 Dodging
 * Level 4.7 Stealth
 + Level 2.8 Spellcasting
 + Level 3.7 Hexes


You had 5 spell levels left.
You didn't know any spells.
Your spell library contained the following spells:

 Spells                   Type           Power      Damage    Failure   Level
 Confusing Touch          Hex            14%        N/A       12%         3
 Tukima's Dance           Hex            14%        N/A       12%         3
 Ensorcelled Hibernation  Hex/Ice        16%        N/A       13%         2
 Dazzling Flash           Conj/Hex       16%        N/A       26%         3


Dungeon Overview and Level Annotations

Branches:
Dungeon (1/15)

Altars:


Innate Abilities, Weirdness & Mutations

You are very small and have problems with some larger weapons.
You are too small for most types of armour.
You have supernaturally acute eyesight. (SInv)
You cover ground extremely quickly. (Speed+++)


Message History

The endoplasm barely misses you.
There are monsters nearby!
You hit the endoplasm but do no damage. You punch the endoplasm.
You kill the endoplasm!
There are monsters nearby!
A quokka comes into view.
There are monsters nearby!
You hit the quokka but do no damage. The quokka misses you.
There are monsters nearby!
You barely miss the quokka. The quokka misses you.
The quokka closely misses you.
There are monsters nearby!
You hit the giant cockroach but do no damage.
The giant cockroach misses you. The quokka misses you.
There are monsters nearby!
You barely miss the giant cockroach. The giant cockroach misses you.
The quokka misses you. The giant cockroach barely misses you.
There are monsters nearby!
You hit the giant cockroach but do no damage.
The quokka closely misses you. The giant cockroach bites you.
There are monsters nearby!
You hit the quokka.
The quokka is moderately wounded.
The quokka closely misses you. The quokka bites you.
The giant cockroach misses you.
There are monsters nearby!
You are too injured to fight recklessly!
There are monsters nearby!
You are too injured to fight recklessly!
There are monsters nearby!
You are too injured to fight recklessly!
There are monsters nearby!
You are too injured to fight recklessly!
There are monsters nearby!
You are too injured to fight recklessly!
There are monsters nearby!
You miss the quokka.
The quokka is moderately wounded.
The quokka bites you.
You die...

..#............########....
..............# #....
#............# #....
#............# #####
##............#
#.............#
#.$...###########
#.....#.....r......
###...#....@B......
##.#......r.[....
#.######....###. # #....#
#...... ####.... #.... ....


You could see 2 quokkas and a giant cockroach.

Vanquished Creatures
  A bat (D:1)
  An endoplasm (D:1)
  A giant cockroach (D:1)
  2 quokkas (D:1)
  A rat (D:1)
6 creatures vanquished.

Notes
Turn   | Place    | Note
-------+----------+-------------------------------------------
     0 | D:1      | jamestheduck25 the Spriggan Enchanter began the quest for
                  | the Orb.
     0 | D:1      | Reached XP level 1. HP: 9/9 MP: 5/5
   241 | D:1      | Slain by a quokka

Illustrated notes

Levels and vault maps discovered:
D:1:      dpeg_arrival_tiny_k, layout_basic

Action                   || total
-------------------------++-------
Melee: Dagger            ||    21
       Punch             ||     1
 Stab: Sleeping          ||     4
Armor: Robe              ||     1
Dodge: Dodged            ||    18
